Map: Coda LE (Void)

Players

StarMan

  • Race: Protoss Protoss
  • League: Grandmaster

wabbajack - Winner!

  • Race: Terran Terran
  • League: Grandmaster

VOD

Have the link to the VOD?

Description

Time

  • Played on: July 13, 2015, 11:29 a.m.
  • Length: 9:10
Show
View Real Time Build Order
Export as new Build Order

StarMan Protoss 

Build Orders:  

Get SALT Encoding   

  12  0:02  Probe  
  13  0:14  Pylon  
  13  0:18  Probe  
  14  0:34  Gateway  
  14  0:38  Assimilator  
  14  0:41  Probe (Chrono Boost)  
  16  0:51  Probe (Chrono Boost)  
  16  0:58  Probe (Chrono Boost)  
  16  1:01  Gateway  
  17  1:10  Probe (Chrono Boost)  
  19  1:19  Probe (Chrono Boost)  
  19  1:21  Cybernetics Core  
  19  1:29  Pylon  
  19  1:53  Assimilator  
  19  1:58  Stalker  
  19  1:59  Stalker  
  22  2:03  Assimilator  
  22  2:05  Warp Gate (Chrono Boost)  
  22  2:15  Probe  
  23  2:25  Gateway  
  23  2:29  Probe (Chrono Boost)  
  24  2:38  Stalker  
  24  2:39  Probe (Chrono Boost)  
  27  2:51  Stalker  
  29  2:55  Pylon  
  29  2:57  Probe  
  30  3:21  Pylon  
  28  3:40  Robotics Facility  
  28  3:50  Nexus  
  28  4:09  Mothership Core  
  30  4:17  Gateway  
  30  4:22  Assimilator  
  30  4:25  Sentry  
  30  4:28  Observer  
  30  4:31  Probe  
  34  4:39  Pylon  
  34  4:43  Probe  
  35  4:49  Observer  
  36  4:55  Probe  
  36  4:56  Pylon  
  37  5:06  Robotics Bay  
  37  5:12  Probe (Chrono Boost)  
  39  5:15  Probe (Chrono Boost)  
  39  5:25  Probe (Chrono Boost)  
  40  5:33  Probe (Chrono Boost)  
  40  5:35  Probe (Chrono Boost)  
  42  5:42  Sentry  
  45  5:43  Sentry, Probe (Chrono Boost)  
  45  5:44  Stalker, Probe (Chrono Boost)  
  50  5:50  Probe (Chrono Boost)  
  50  5:53  Probe (Chrono Boost)  
  50  5:55  Assimilator  
  41  6:02  Probe (Chrono Boost)  
  43  6:10  Probe (Chrono Boost)  
  44  6:11  Probe (Chrono Boost)  
  44  6:12  Extended Thermal Lance (Chrono Boost)  
  44  6:22  Probe (Chrono Boost)  
  45  6:32  Probe x2 (Chrono Boost)  
  47  6:39  Probe x2  
  49  6:48  Stalker x2  
  49  6:51  Probe (Chrono Boost)  
  54  6:57  Probe (Chrono Boost)  
  56  7:02  Probe (Chrono Boost)  
  56  7:06  Probe (Chrono Boost)  
  58  7:10  Probe (Chrono Boost)  
  58  7:11  Forge  
  58  7:12  Pylon  
  58  7:20  Probe  
  59  7:31  Colossus  
  59  7:32  Probe  
  66  7:44  Photon Cannon  
  66  7:48  Photon Cannon  
  66  7:52  Photon Cannon  
  66  7:56  Pylon  
  66  8:01  Photon Cannon  
  66  8:03  Photon Cannon  
  66  8:08  Observer Gravitic Boosters (Chrono Boost)  
  66  8:15  Probe (Chrono Boost)  
  67  8:25  Probe (Chrono Boost)  
  67  8:26  Photon Cannon  
  67  8:27  Stalker x2  
  70  8:28  Photon Cannon  
  70  8:32  Probe  
  73  8:55  Nexus  
  73  8:57  Assimilator  
  53  9:04  Stalker x3  
Show
View Real Time Build Order
Export as new Build Order

wabbajack Terran - Winner!

Build Orders: MMM Bio 

Get SALT Encoding   

  12  0:01  SCV  
  13  0:16  SCV  
  14  0:22  Supply Depot  
  15  0:28  SCV  
  15  0:43  SCV  
  15  0:45  Barracks  
  15  0:46  Refinery  
  16  0:55  SCV  
  17  1:07  SCV  
  18  1:20  SCV  
  19  1:32  SCV  
  20  1:34  Marine  
  20  1:35  Supply Depot  
  21  1:51  Orbital Command  
  21  2:01  Factory  
  21  2:07  Marine  
  22  2:16  Barracks  
  22  2:20  SCV  
  23  2:32  Factory  
  23  2:42  SCV  
  24  2:44  Command Center  
  24  2:45  Supply Depot  
  24  2:50  Widow Mine  
  26  2:54  SCV  
  27  3:04  Starport  
  27  3:07  Barracks Reactor  
  27  3:12  Marine  
  28  3:32  Widow Mine  
  30  3:37  Refinery  
  30  3:43  Barracks Reactor  
  30  3:44  Barracks Tech Lab  
  30  3:57  Orbital Command  
  30  4:01  Supply Depot  
  30  4:03  Supply Depot  
  30  4:15  Medivac  
  32  4:21  Barracks  
  32  4:36  Marauder  
  34  4:41  Barracks Reactor  
  34  4:45  Orbital Command  
  34  5:03  Marauder  
  34  5:05  Medivac  
  42  5:07  Hellion x2  
  42  5:14  SCV x2  
  43  5:19  Marine x2  
  46  5:24  Stimpack  
  46  5:26  SCV x2  
  48  5:31  Supply Depot, Barracks Tech Lab  
  48  5:36  Marine  
  48  5:37  Marine  
  50  6:09  Armory  
  50  6:14  Marauder  
  50  6:15  Marauder, Marine x2  
  50  6:16  Medivac  
  58  6:29  Engineering Bay  
  58  6:30  Engineering Bay  
  58  6:36  Command Center  
  58  6:42  Marine x2, Marauder x2  
  58  6:45  Combat Shields  
  58  6:46  Refinery  
  64  6:53  Barracks  
  64  6:55  Barracks  
  64  6:56  SCV x2  
  66  7:05  Factory Reactor, Marine x3  
  66  7:06  Marine  
  71  7:08  SCV x2  
  71  7:15  Supply Depot  
  72  7:17  Supply Depot  
  72  7:20  SCV x2  
  74  7:24  Medivac  
  74  7:27  Medivac  
  78  7:36  Marine x4  
  78  7:37  SCV x2  
  84  7:38  Supply Depot  
  84  7:46  Supply Depot  
  84  7:49  SCV x2  
  86  7:53  Refinery  
  86  7:54  Marine x4  
  86  7:56  Missile Turret  
  90  8:00  Missile Turret  
  90  8:01  SCV x2  
  90  8:04  Barracks Tech Lab  
  92  8:12  Marine  
  93  8:24  Planetary Fortress  
  93  8:27  Missile Turret  
  93  8:28  SCV x2  
  93  8:33  Barracks Reactor  
  95  8:35  Supply Depot x2  
  95  8:40  SCV x2  
  97  8:52  SCV  
  97  8:53  SCV  
Tags
 
Add a new tag
Caveats
  • Supply blocks, unpowered buildings, or Contaminate may cause inaccurate times.
  • Supply counts are checked every 10 seconds.